| TOP OF THE 1ST |
|
Arkansas Travelers batting - Pitching for Dallas-Fort Worth Rangers : RHP Brian Denman
|
|
Pitching: RHP Brian Denman
|
|
|
Batting: RHB Nehames Bernstine
|
0-0: Hit by Pitch
|
|
Batting: RHB Denny Gonzalez
|
0-0: Fly out, F6 (Popup, 6M, EV 50.6 MPH)
|
|
Batting: LHB Dave Magadan
|
0-0: Ball 1-0: Ball 2-0: Called Strike 2-1: SINGLE (Line Drive, 5D, EV 108.1 MPH) Nehames Bernstine to second
|
|
Batting: SHB Bobby Bonilla
|
0-0: Ball 1-0: Ball 2-0: Ball 3-0: Base on Balls Nehames Bernstine to third Dave Magadan to second
|
|
Batting: RHB Kevin Seitzer
|
Balk! Nehames Bernstine scores Dave Magadan to third Bobby Bonilla to second 0-0: Ball 1-0: Foul Ball, location: 2F 1-1: Ball 2-1: Foul Ball, location: 2F 2-2: Foul Ball, location: 2F 2-2: Ball 3-2: Base on Balls
|
|
Batting: SHB Bob Meacham
|
0-0: Swinging Strike 0-1: Swinging Strike 0-2: Fielders Choice at 2nd, 6-4 (Groundball, 6, EV 105.0 MPH) Dave Magadan scores Bobby Bonilla to third
|
|
Batting: LHB Jesus Marinez
|
0-0: Ball 1-0: Called Strike 1-1: TRIPLE (Flyball, 89XD, EV 95.0 MPH) Bobby Bonilla scores Bob Meacham scores
|
|
Batting: RHB Rob Deer
|
0-0: Ground out U3 (Groundball, 34S, EV 69.4 MPH)
|
| Top of the 1st over - 4 runs, 2 hits, 0 errors, 1 left on base; Arkansas 4 - Dallas-Fort Worth 0 |
| BOTTOM OF THE 1ST |
|
Dallas-Fort Worth Rangers batting - Pitching for Arkansas Travelers : LHP Ricardo Acevedo
|
|
Pitching: LHP Ricardo Acevedo
|
|
|
Batting: LHB Stan Levi
|
0-0: Ball 1-0: Ball 2-0: Ground out 5-3 (Groundball, 56S, EV 89.4 MPH)
|
|
Batting: RHB Alex Zermeno
|
0-0: Fly out, F8 (Line Drive, 8RM, EV 86.3 MPH)
|
|
Batting: RHB Terry Lee
|
0-0: Ground out 5-3 (Groundball, 5, EV 89.4 MPH)
|
| Bottom of the 1st over - 0 runs, 0 hits, 0 errors, 0 left on base; Arkansas 4 - Dallas-Fort Worth 0 |
| TOP OF THE 2ND |
|
Arkansas Travelers batting - Pitching for Dallas-Fort Worth Rangers : RHP Brian Denman
|
|
Batting: RHB Alex Duarte
|
0-0: Ground out 1-3 (Groundball, 15S, EV 69.4 MPH)
|
|
Batting: RHB Nehames Bernstine
|
0-0: Fly out, F6 (Popup, 15, EV 90.0 MPH)
|
|
Batting: RHB Denny Gonzalez
|
0-0: Ball 1-0: Ball 2-0: Swinging Strike 2-1: Ball 3-1: Base on Balls
|
|
Batting: LHB Dave Magadan
|
0-0: Ball 1-0: Ball Denny Gonzalez steals 2nd base (no throw) 2-0: Foul Ball, location: 2F 2-1: Foul Ball, location: 2F 2-2: Ball 3-2: Ground out 6-3 (Groundball, 6, EV 95.0 MPH)
|
| Top of the 2nd over - 0 runs, 0 hits, 0 errors, 1 left on base; Arkansas 4 - Dallas-Fort Worth 0 |
| BOTTOM OF THE 2ND |
|
Dallas-Fort Worth Rangers batting - Pitching for Arkansas Travelers : LHP Ricardo Acevedo
|
|
Batting: RHB Dave Aponte
|
0-0: Called Strike 0-1: Foul Ball, location: 2F 0-2: Ball 1-2: Ball 2-2: Foul Ball, location: 2F 2-2: Ball 3-2: Fly out, F3 (Popup, 3, EV 75.6 MPH)
|
|
Batting: LHB Mo Ching
|
0-0: Foul Ball, location: 2F 0-1: Fly out, F2 (Popup, 25F, EV 86.3 MPH)
|
|
Batting: RHB Jesse Plummer
|
0-0: Ball 1-0: Ball 2-0: Ball 3-0: Called Strike 3-1: Ground out 4-3 (Groundball, 4, EV 103.8 MPH)
|
| Bottom of the 2nd over - 0 runs, 0 hits, 0 errors, 0 left on base; Arkansas 4 - Dallas-Fort Worth 0 |
| TOP OF THE 3RD |
|
Arkansas Travelers batting - Pitching for Dallas-Fort Worth Rangers : RHP Brian Denman
|
|
Batting: SHB Bobby Bonilla
|
0-0: Called Strike 0-1: Ball 1-1: Ball 2-1: SINGLE (Line Drive, 7S, EV 90.0 MPH)
|
|
Batting: RHB Kevin Seitzer
|
0-0: Ball 1-0: Foul Ball, location: 2F 1-1: Ball 2-1: Foul Ball, location: 2F 2-2: Ball 3-2: Fly out, F8 (Flyball, 8LD, EV 105.6 MPH)
|
|
Batting: SHB Bob Meacham
|
0-0: Ball 1-0: Called Strike 1-1: Foul Ball, location: 2F 1-2: Ball 2-2: Ball 3-2: Ground out 4-3 (Groundball, 13, EV 83.8 MPH) Bobby Bonilla to second
|
|
Batting: LHB Jesus Marinez
|
0-0: Ball 1-0: Fly out, F8 (Flyball, 89D, EV 84.4 MPH)
|
| Top of the 3rd over - 0 runs, 1 hit, 0 errors, 1 left on base; Arkansas 4 - Dallas-Fort Worth 0 |
| BOTTOM OF THE 3RD |
|
Dallas-Fort Worth Rangers batting - Pitching for Arkansas Travelers : LHP Ricardo Acevedo
|
|
Batting: RHB Ross Jones
|
0-0: Foul Ball, location: 2F 0-1: Called Strike 0-2: Foul Ball, location: 2F 0-2: Ball 1-2: Ball 2-2: Ball 3-2: Strikes out looking
|
|
Batting: LHB Garcia Gutierrez
|
0-0: Ball 1-0: Ball 2-0: Ball 3-0: Called Strike 3-1: Foul Ball, location: 2F 3-2: Foul Ball, location: 2F 3-2: Foul Ball, location: 2F 3-2: Fly out, F7 (Flyball, 7D, EV 104.4 MPH)
|
|
Batting: LHB Daryl Fazzio
|
0-0: Ball 1-0: Called Strike 1-1: Swinging Strike 1-2: SINGLE (Groundball, 34D, EV 95.0 MPH)
|
|
Batting: LHB Stan Levi
|
0-0: Ball 1-0: Fielders Choice at 2nd, U6 (Groundball, 6M, EV 86.3 MPH)
|
| Bottom of the 3rd over - 0 runs, 1 hit, 0 errors, 1 left on base; Arkansas 4 - Dallas-Fort Worth 0 |
| TOP OF THE 4TH |
|
Arkansas Travelers batting - Pitching for Dallas-Fort Worth Rangers : RHP Brian Denman
|
|
Batting: RHB Rob Deer
|
0-0: Ball 1-0: Foul Ball, location: 2F 1-1: Called Strike 1-2: Foul Ball, location: 2F 1-2: Ground out 6-3 (Groundball, 6, EV 86.3 MPH)
|
|
Batting: RHB Alex Duarte
|
0-0: Ball 1-0: Ball 2-0: Called Strike 2-1: Foul Ball, location: 2F 2-2: Ball 3-2: Foul Ball, location: 2F 3-2: Base on Balls
|
|
Batting: RHB Nehames Bernstine
|
0-0: Ball 1-0: Called Strike 1-1: Called Strike 1-2: Grounds into double play, 5-4-3 (Groundball, 5L, EV 80.6 MPH)
|
| Top of the 4th over - 0 runs, 0 hits, 0 errors, 0 left on base; Arkansas 4 - Dallas-Fort Worth 0 |
| BOTTOM OF THE 4TH |
|
Dallas-Fort Worth Rangers batting - Pitching for Arkansas Travelers : LHP Ricardo Acevedo
|
|
Batting: RHB Alex Zermeno
|
0-0: Called Strike 0-1: Ball 1-1: Ball 2-1: SINGLE (Groundball, 56D, EV 99.4 MPH)
|
|
Batting: RHB Terry Lee
|
0-0: Called Strike 0-1: Ball 1-1: Ball 2-1: Ball 3-1: Called Strike 3-2: Foul Ball, location: 2F 3-2: Foul Ball, location: 2F Balk! Alex Zermeno to second 3-2: Foul Ball, location: 2F 3-2: Strikes out swinging
|
|
Batting: RHB Dave Aponte
|
0-0: Foul Ball, location: 2F 0-1: Foul Ball, location: 2F 0-2: Strikes out swinging
|
|
Batting: LHB Mo Ching
|
0-0: Foul Ball, location: 2F 0-1: Foul Ball, location: 2F 0-2: Foul Ball, location: 2F 0-2: Ball 1-2: SINGLE (Line Drive, 9S, EV 110.6 MPH) Alex Zermeno to third Runner from 3rd tries for Home, SAFE, throw by RF to home
|
|
Batting: RHB Jesse Plummer
|
Pickoff Throw to First - Out! 1-3
|
| Bottom of the 4th over - 1 run, 2 hits, 0 errors, 0 left on base; Arkansas 4 - Dallas-Fort Worth 1 |
| TOP OF THE 5TH |
|
Arkansas Travelers batting - Pitching for Dallas-Fort Worth Rangers : RHP Brian Denman
|
|
Batting: RHB Denny Gonzalez
|
0-0: Ball 1-0: Fly out, F8 (Line Drive, 8RD, EV 93.8 MPH)
|
|
Batting: LHB Dave Magadan
|
0-0: Ball 1-0: Ball 2-0: Ball 3-0: Base on Balls
|
|
Batting: SHB Bobby Bonilla
|
0-0: Grounds into double play, 4-6-3 (Groundball, 34, EV 78.1 MPH)
|
| Top of the 5th over - 0 runs, 0 hits, 0 errors, 0 left on base; Arkansas 4 - Dallas-Fort Worth 1 |
| BOTTOM OF THE 5TH |
|
Dallas-Fort Worth Rangers batting - Pitching for Arkansas Travelers : LHP Ricardo Acevedo
|
|
Batting: RHB Jesse Plummer
|
0-0: Ball 1-0: Swinging Strike 1-1: Ground out 5-3 (Groundball, 5, EV 83.8 MPH)
|
|
Batting: RHB Ross Jones
|
0-0: Called Strike 0-1: Swinging Strike 0-2: Ball 1-2: Foul Ball, location: 2F 1-2: Foul Ball, location: 2F 1-2: Ball 2-2: Ball 3-2: Foul Ball, location: 2F 3-2: Fly out, F8 (Flyball, 8RS, EV 88.1 MPH)
|
|
Batting: LHB Garcia Gutierrez
|
0-0: Foul Ball, location: 2F 0-1: Ground out 4-3 (Groundball, 4, EV 86.9 MPH)
|
| Bottom of the 5th over - 0 runs, 0 hits, 0 errors, 0 left on base; Arkansas 4 - Dallas-Fort Worth 1 |
| TOP OF THE 6TH |
|
Arkansas Travelers batting - Pitching for Dallas-Fort Worth Rangers : RHP Brian Denman
|
|
Batting: RHB Kevin Seitzer
|
0-0: Ball 1-0: Ball 2-0: Ball 3-0: Base on Balls
|
|
Batting: SHB Bob Meacham
|
0-0: Bunted foul 0-1: Bunted foul 0-2: Ball 1-2: Ball 2-2: Ball Kevin Seitzer is caught stealing 2nd base 2-6 3-2: Ground out 5-3 (Groundball, 56, EV 102.5 MPH)
|
|
Batting: LHB Jesus Marinez
|
0-0: Foul Ball, location: 2F 0-1: Ball 1-1: Called Strike 1-2: Fly out, F9 (Flyball, 9LS, EV 87.5 MPH)
|
| Top of the 6th over - 0 runs, 0 hits, 0 errors, 0 left on base; Arkansas 4 - Dallas-Fort Worth 1 |
| BOTTOM OF THE 6TH |
|
Dallas-Fort Worth Rangers batting - Pitching for Arkansas Travelers : LHP Ricardo Acevedo
|
|
Batting: LHB Daryl Fazzio
|
0-0: Ball 1-0: Fly out, F6 (Popup, 6M, EV 74.4 MPH)
|
|
Batting: LHB Stan Levi
|
0-0: Ball 1-0: Called Strike 1-1: Foul Ball, location: 2F 1-2: Ball 2-2: Hit by Pitch
|
|
Batting: RHB Alex Zermeno
|
0-0: Fly out, F9 (Flyball, 89D, EV 88.1 MPH)
|
|
Batting: RHB Terry Lee
|
0-0: Ball 1-0: Foul Ball, location: 2F 1-1: Ball 2-1: Foul Ball, location: 2F 2-2: Foul Ball, location: 2F 2-2: Fly out, F8 (Flyball, 89M, EV 83.8 MPH)
|
| Bottom of the 6th over - 0 runs, 0 hits, 0 errors, 1 left on base; Arkansas 4 - Dallas-Fort Worth 1 |
| TOP OF THE 7TH |
|
Arkansas Travelers batting - Pitching for Dallas-Fort Worth Rangers : RHP Brian Denman
|
|
Batting: RHB Rob Deer
|
0-0: Called Strike 0-1: Foul Ball, location: 2F 0-2: Ball 1-2: Ball 2-2: Ball 3-2: Fly out, F8 (Line Drive, 8LD, EV 96.3 MPH)
|
|
Batting: RHB Alex Duarte
|
0-0: Called Strike 0-1: Ball 1-1: Ball 2-1: SINGLE (Line Drive, 56D, EV 98.1 MPH)
|
|
Batting: RHB Nehames Bernstine
|
0-0: Ball 1-0: Ball 2-0: Fly out, F7 (Flyball, 78M, EV 91.3 MPH)
|
|
Batting: RHB Denny Gonzalez
|
0-0: Ball Alex Duarte steals 2nd base 1-0: Foul Ball, location: 2F 1-1: Fly out, F9 (Flyball, 9LD, EV 76.3 MPH)
|
| Top of the 7th over - 0 runs, 1 hit, 0 errors, 1 left on base; Arkansas 4 - Dallas-Fort Worth 1 |
| BOTTOM OF THE 7TH |
|
Dallas-Fort Worth Rangers batting - Pitching for Arkansas Travelers : LHP Ricardo Acevedo
|
|
Batting: RHB Dave Aponte
|
0-0: DOUBLE (Line Drive, 7LM, EV 108.1 MPH)
|
|
Batting: LHB Mo Ching
|
0-0: Called Strike 0-1: SINGLE (Line Drive, 7S, EV 109.4 MPH) Dave Aponte to third Runner from 3rd tries for Home, SAFE, throw by LF to home Mo Ching to second
|
|
Batting: RHB Jesse Plummer
|
0-0: SINGLE (Groundball, 4MD, EV 95.0 MPH) Mo Ching to third
|
|
Batting: RHB Ross Jones
|
0-0: Ball 1-0: Ball 2-0: Ball 3-0: Base on Balls Jesse Plummer to second
|
|
Pinch Hitting: RHB Eric Hyatt
|
0-0: Called Strike 0-1: Foul Ball, location: 2F 0-2: Grounds into fielders choice 4-2 (Groundball, 4, EV 87.5 MPH) Jesse Plummer to third Ross Jones to second
|
|
Batting: LHB Daryl Fazzio
|
0-0: Called Strike 0-1: Swinging Strike 0-2: Foul Ball, location: 2F 0-2: Ball 1-2: Fly out, F8 (Line Drive, 8RM, EV 96.3 MPH)
|
|
Batting: LHB Stan Levi
|
0-0: Fielders Choice at 2nd, 6-4 (Groundball, 6, EV 83.8 MPH)
|
| Bottom of the 7th over - 1 run, 3 hits, 0 errors, 3 left on base; Arkansas 4 - Dallas-Fort Worth 2 |
| TOP OF THE 8TH |
|
Arkansas Travelers batting - Pitching for Dallas-Fort Worth Rangers : RHP Brian Denman
|
|
Now at 2B: Eric Hyatt
|
|
|
Batting: LHB Dave Magadan
|
0-0: Foul Ball, location: 2F 0-1: Ball 1-1: Ball 2-1: Called Strike 2-2: Foul Ball, location: 2F 2-2: Foul Ball, location: 2F 2-2: Fly out, F7 (Flyball, 7, EV 80.6 MPH)
|
|
Batting: SHB Bobby Bonilla
|
0-0: DOUBLE (Line Drive, 9LM, EV 106.9 MPH)
|
|
Batting: RHB Kevin Seitzer
|
0-0: Intentional Walk
|
|
Batting: SHB Bob Meacham
|
0-0: Ball 1-0: Fielders Choice at 2nd, 6-4 (Groundball, 6, EV 91.9 MPH) Bobby Bonilla to third
|
|
Batting: LHB Jesus Marinez
|
0-0: Ball 1-0: Fly out, F9 (Flyball, 9LM, EV 90.6 MPH)
|
| Top of the 8th over - 0 runs, 1 hit, 0 errors, 2 left on base; Arkansas 4 - Dallas-Fort Worth 2 |
| BOTTOM OF THE 8TH |
|
Dallas-Fort Worth Rangers batting - Pitching for Arkansas Travelers : LHP Ricardo Acevedo
|
|
Batting: RHB Alex Zermeno
|
0-0: Called Strike 0-1: Ball 1-1: Ball 2-1: Ground out 4-3 (Groundball, 4, EV 98.8 MPH)
|
|
Batting: RHB Terry Lee
|
0-0: Called Strike 0-1: Ball 1-1: Ball 2-1: Ball 3-1: Base on Balls
|
|
Batting: RHB Dave Aponte
|
0-0: Ball 1-0: Ball 2-0: Ball 3-0: Base on Balls Terry Lee to second
|
|
Batting: LHB Mo Ching
|
0-0: Swinging Strike 0-1: Fly out, F8 (Flyball, 8LM, EV 81.9 MPH)
|
|
Batting: RHB Jesse Plummer
|
0-0: Called Strike 0-1: Swinging Strike 0-2: Strikes out swinging
|
| Bottom of the 8th over - 0 runs, 0 hits, 0 errors, 2 left on base; Arkansas 4 - Dallas-Fort Worth 2 |
| TOP OF THE 9TH |
|
Arkansas Travelers batting - Pitching for Dallas-Fort Worth Rangers : RHP Brian Denman
|
|
Batting: RHB Rob Deer
|
0-0: Ball 1-0: Swinging Strike 1-1: Ball 2-1: Swinging Strike 2-2: Ball 3-2: Fly out, F9 (Flyball, 9LS, EV 87.5 MPH)
|
|
Batting: RHB Alex Duarte
|
0-0: Ball 1-0: Ball 2-0: Ball 3-0: Base on Balls
|
|
Batting: RHB Nehames Bernstine
|
0-0: Ball 1-0: Ball 2-0: Fielders Choice at 2nd, 4-6 (Groundball, 34, EV 86.9 MPH)
|
|
Batting: RHB Denny Gonzalez
|
0-0: Called Strike 0-1: Ball 1-1: Swinging Strike 1-2: Ball 2-2: Ball Nehames Bernstine steals 2nd base 3-2: SINGLE (Line Drive, 89S, EV 105.6 MPH) Nehames Bernstine to third Nehames Bernstine scores
|
|
Pitching: RHP Randy McGilberry
|
|
|
Batting: LHB Dave Magadan
|
0-0: Ball 1-0: Foul Ball, location: 2F 1-1: Foul Ball, location: 2F 1-2: Foul Ball, location: 2F 1-2: Fly out, F7 (Flyball, 78M, EV 81.3 MPH)
|
| Top of the 9th over - 1 run, 1 hit, 0 errors, 1 left on base; Arkansas 5 - Dallas-Fort Worth 2 |
| BOTTOM OF THE 9TH |
|
Dallas-Fort Worth Rangers batting - Pitching for Arkansas Travelers : LHP Ricardo Acevedo
|
|
Pitching: LHP Claude Brodeur
|
|
|
Batting: RHB Ross Jones
|
0-0: Ball 1-0: Ball 2-0: Ball 3-0: Called Strike 3-1: Base on Balls
|
|
Batting: RHB Eric Hyatt
|
0-0: Called Strike 0-1: Ball 1-1: Ball 2-1: Ball 3-1: Base on Balls Ross Jones to second
|
|
Pinch Hitting: RHB Steve Nicosia
|
0-0: Ball 1-0: Called Strike 1-1: Foul Ball, location: 2F 1-2: Ball 2-2: Single, Error in OF, E7, batter to second base (Line Drive, 6D, EV 98.1 MPH) Ross Jones scores Eric Hyatt to third
|
|
Batting: LHB Stan Levi
|
0-0: Called Strike 0-1: Foul Ball, location: 2F 0-2: Foul Ball, location: 2F 0-2: Strikes out swinging
|
|
Batting: RHB Alex Zermeno
|
0-0: Ball 1-0: Called Strike 1-1: Foul Ball, location: 2F 1-2: Foul Ball, location: 2F 1-2: Foul Ball, location: 2F 1-2: Ball 2-2: Foul Ball, location: 2F 2-2: Ball 3-2: Strikes out swinging
|
|
Batting: RHB Terry Lee
|
0-0: Called Strike 0-1: Swinging Strike Passed Ball! Eric Hyatt scores Steve Nicosia to third 0-2: Strikes out looking
|
| Bottom of the 9th over - 2 runs, 1 hit, 1 error, 1 left on base; Arkansas 5 - Dallas-Fort Worth 4 |
|